MWL (24 & UNDER)
MANHATTEN MEATHEADS @ BEMIDJI BENDERS
08/02/2025
 
TOP OF THE 1ST
Manhatten Meatheads batting - Pitching for Bemidji Benders : RHP Carl Henry
Pitching: RHP Carl Henry
Batting: SHB Cornell Payne 0-0: SINGLE (Flyball, 7S)
Batting: RHB Adrián López 0-0: Ball
1-0: Ball
2-0: Swinging Strike
2-1: SINGLE (Groundball, 4MD)
Cornell Payne to second
Batting: LHB Juan Hernández 0-0: Ball
1-0: Ball
2-0: Fly out, F9 (Flyball, 9M)
Batting: RHB Juan Reyes 0-0: Ball
1-0: Ball
2-0: Ball
3-0: Base on Balls
Cornell Payne to third
Adrián López to second
Batting: RHB Claudio Gonzáles 0-0: Swinging Strike
0-1: Fly out, F9 (Flyball, 89D)
Runner from 3rd tags up, SCORES, no throw
Batting: RHB Greg Lee 0-0: Swinging Strike
0-1: Ball
1-1: Ball
2-1: Foul Ball, location: 2F
2-2: Ball
3-2: Foul Ball, location: 2F
3-2: Strikes out swinging
Top of the 1st over - 1 run(s), 2 hit(s), 0 error(s), 2 left on base; Manhatten 1 - Bemidji 0
BOTTOM OF THE 1ST
Bemidji Benders batting - Pitching for Manhatten Meatheads : RHP Doug Cole
Pitching: RHP Doug Cole
Batting: LHB Tony O'Bryan 0-0: Called Strike
0-1: Called Strike
0-2: Ground out 3-1 (Groundball, 3)
Batting: RHB Ken McDonald 0-0: Called Strike
0-1: Foul Ball, location: 2F
0-2: Ball
1-2: Strikes out looking
Batting: LHB José González 0-0: Ball
1-0: Ground out 4-3 (Groundball, 34)
Bottom of the 1st over - 0 run(s), 0 hit(s), 0 error(s), 0 left on base; Manhatten 1 - Bemidji 0
TOP OF THE 2ND
Manhatten Meatheads batting - Pitching for Bemidji Benders : RHP Carl Henry
Batting: SHB José Sousa 0-0: Ball
1-0: Called Strike
1-1: Ball
2-1: Ball
3-1: Foul Ball, location: 2F
3-2: Base on Balls
Batting: RHB Denver Baker 0-0: Called Strike
0-1: Foul Ball, location: 2F
0-2: Ball
1-2: Foul Ball, location: 2F
1-2: Ball
2-2: Ball
3-2: Foul Ball, location: 2F
3-2: Strikes out looking
Batting: RHB Augusto Baca 0-0: Grounds into double play, 5-4-3 (Groundball, 5)
Top of the 2nd over - 0 run(s), 0 hit(s), 0 error(s), 0 left on base; Manhatten 1 - Bemidji 0
BOTTOM OF THE 2ND
Bemidji Benders batting - Pitching for Manhatten Meatheads : RHP Doug Cole
Batting: LHB Raúl Morales 0-0: SINGLE (Groundball, 4M)
Batting: SHB Dave Henley 0-0: Foul Ball, location: 2F
0-1: Fielders Choice at 2nd, 1-6 (Groundball, 23)
Batting: SHB Conan Hanson 0-0: Ball
1-0: Ball
2-0: Called Strike
2-1: Ball
3-1: Base on Balls
Dave Henley to second
Batting: RHB Roberto Solís 0-0: Called Strike
0-1: Called Strike
0-2: Ball
1-2: DOUBLE (Groundball, 5L)
Dave Henley scores
Conan Hanson to third
Runner from 3rd tries for Home, SAFE, no throw or cutoff
Batting: LHB Jesús Raugel 0-0: Called Strike
0-1: Ball
1-1: Foul Ball, location: 2F
1-2: DOUBLE (Line Drive, 5D)
Roberto Solís scores
Batting: RHB Bob Carr 0-0: Ball
1-0: Ball
2-0: Called Strike
2-1: Called Strike
2-2: Foul Ball, location: 2F
2-2: Foul Ball, location: 2F
2-2: Ball
3-2: Foul Ball, location: 2F
3-2: Base on Balls
Batting: LHB Tony O'Bryan 0-0: Ball
1-0: Ball
2-0: Ball
3-0: Base on Balls
Jesús Raugel to third
Bob Carr to second
Batting: RHB Ken McDonald 0-0: Swinging Strike
0-1: Ball
1-1: Ball
2-1: SINGLE (Line Drive, 4D)
Jesús Raugel scores
Bob Carr to third
Tony O'Bryan to second
Batting: LHB José González 0-0: SINGLE (Line Drive, 89S)
Bob Carr scores
Tony O'Bryan to third
Ken McDonald to second
Runner from 3rd tries for Home, SAFE, no throw or cutoff
Batting: LHB Raúl Morales 0-0: Fielders Choice at 2nd, 3-6 (Groundball, 3)
Ken McDonald to third
Batting: SHB Dave Henley 0-0: Foul Ball, location: 2F
0-1: Ball
1-1: Foul Ball, location: 2F
1-2: Fly out, F8 (Flyball, 8LM)
Bottom of the 2nd over - 6 run(s), 5 hit(s), 0 error(s), 2 left on base; Manhatten 1 - Bemidji 6
TOP OF THE 3RD
Manhatten Meatheads batting - Pitching for Bemidji Benders : RHP Carl Henry
Batting: SHB Cornell Payne 0-0: Ball
1-0: Ball
2-0: Ball
3-0: Base on Balls
Batting: RHB Adrián López 0-0: Ball
1-0: Ball
2-0: Ball
3-0: Called Strike
3-1: Called Strike
3-2: Foul Ball, location: 2F
3-2: Strikes out swinging
Batting: LHB Juan Hernández 0-0: Ball
1-0: DOUBLE (Line Drive, 9LM)
Cornell Payne to third
Batting: RHB Juan Reyes 0-0: Swinging Strike
0-1: Ball
1-1: Fly out, F8 (Flyball, 89D)
Runner from 3rd tags up, SCORES, no throw
Juan Hernández to third
Batting: RHB Claudio Gonzáles 0-0: Foul Ball, location: 2F
0-1: Ball
1-1: Ball
2-1: Ball
3-1: Swinging Strike
3-2: Strikes out swinging
Top of the 3rd over - 1 run(s), 1 hit(s), 0 error(s), 1 left on base; Manhatten 2 - Bemidji 6
BOTTOM OF THE 3RD
Bemidji Benders batting - Pitching for Manhatten Meatheads : RHP Doug Cole
Batting: SHB Conan Hanson 0-0: Fly out, F6 (Line Drive, 6M)
Batting: RHB Roberto Solís 0-0: Foul Ball, location: 2F
0-1: Ball
1-1: Fly out, F2 (Popup, 25F)
Batting: LHB Jesús Raugel 0-0: Ground out 5-3 (Groundball, 15S)
Bottom of the 3rd over - 0 run(s), 0 hit(s), 0 error(s), 0 left on base; Manhatten 2 - Bemidji 6
TOP OF THE 4TH
Manhatten Meatheads batting - Pitching for Bemidji Benders : RHP Carl Henry
Batting: RHB Greg Lee 0-0: Ball
1-0: Called Strike
1-1: SINGLE (Groundball, 4D)
Batting: SHB José Sousa 0-0: Called Strike
0-1: Ball
1-1: Called Strike
1-2: Ball
2-2: Strikes out swinging
Batting: RHB Denver Baker 0-0: Ball
1-0: Foul Ball, location: 2F
1-1: Swinging Strike
1-2: Ball
2-2: Grounds into double play, 5-4-3 (Groundball, 56)
Top of the 4th over - 0 run(s), 1 hit(s), 0 error(s), 0 left on base; Manhatten 2 - Bemidji 6
BOTTOM OF THE 4TH
Bemidji Benders batting - Pitching for Manhatten Meatheads : RHP Doug Cole
Batting: RHB Bob Carr 0-0: Called Strike
0-1: Ball
1-1: Ball
2-1: Fly out, F8 (Flyball, 8RM)
Batting: LHB Tony O'Bryan 0-0: Called Strike
0-1: Foul Ball, location: 2F
0-2: Foul Ball, location: 2F
0-2: Ball
1-2: Strikes out swinging
Batting: RHB Ken McDonald 0-0: Called Strike
0-1: Called Strike
0-2: Ball
1-2: Strikes out looking
Bottom of the 4th over - 0 run(s), 0 hit(s), 0 error(s), 0 left on base; Manhatten 2 - Bemidji 6
TOP OF THE 5TH
Manhatten Meatheads batting - Pitching for Bemidji Benders : RHP Carl Henry
Batting: RHB Augusto Baca 0-0: Ball
1-0: Swinging Strike
1-1: Foul Ball, location: 2F
1-2: Ground out 6-3 (Groundball, 6)
Batting: SHB Cornell Payne 0-0: Called Strike
0-1: Ball
1-1: Ball
2-1: Ground out 4-3 (Groundball, 4)
Batting: RHB Adrián López 0-0: Called Strike
0-1: Ball
1-1: Swinging Strike
1-2: Strikes out looking
Top of the 5th over - 0 run(s), 0 hit(s), 0 error(s), 0 left on base; Manhatten 2 - Bemidji 6
BOTTOM OF THE 5TH
Bemidji Benders batting - Pitching for Manhatten Meatheads : RHP Doug Cole
Batting: LHB José González 0-0: Swinging Strike
0-1: Swinging Strike
0-2: Ball
1-2: Ball
2-2: SINGLE (Line Drive, 4MD)
Batting: LHB Raúl Morales 0-0: Called Strike
0-1: SINGLE (Line Drive, 4D)
José González to second
Batting: SHB Dave Henley 0-0: SINGLE (Line Drive, 4D)
José González to third
Raúl Morales to second
Runner from 3rd tries for Home, SAFE, throw made home
Raúl Morales to third
Dave Henley to second
Batting: SHB Conan Hanson 0-0: Ball
1-0: Fly out, F6 (Popup, 6M)
Batting: RHB Roberto Solís 0-0: Hit by Pitch
Batting: LHB Jesús Raugel 0-0: Swinging Strike
0-1: Swinging Strike
0-2: Grounds into double play, 4-6-3 (Groundball, 4)
Bottom of the 5th over - 1 run(s), 3 hit(s), 0 error(s), 2 left on base; Manhatten 2 - Bemidji 7
TOP OF THE 6TH
Manhatten Meatheads batting - Pitching for Bemidji Benders : RHP Carl Henry
Batting: LHB Juan Hernández 0-0: Fly out, F6 (Popup, 8LS)
Batting: RHB Juan Reyes 0-0: Swinging Strike
0-1: Called Strike
0-2: Strikes out swinging
Batting: RHB Claudio Gonzáles 0-0: Foul Ball, location: 2F
0-1: Called Strike
0-2: Ball
1-2: SOLO HOME RUN (Flyball, 9D), Distance : 362 ft
Batting: RHB Greg Lee 0-0: Ball
1-0: Called Strike
1-1: Foul Ball, location: 2F
1-2: SINGLE (Line Drive, 6M)
Pitching: LHP Justin Short
Batting: SHB José Sousa 0-0: Ball
1-0: Ball
2-0: Ball
3-0: Base on Balls
Greg Lee to second
Batting: RHB Denver Baker 0-0: Fielders Choice at 2nd, U6 (Groundball, 6M)
Top of the 6th over - 1 run(s), 2 hit(s), 0 error(s), 2 left on base; Manhatten 3 - Bemidji 7
BOTTOM OF THE 6TH
Bemidji Benders batting - Pitching for Manhatten Meatheads : RHP Doug Cole
Batting: RHB Bob Carr 0-0: Ball
1-0: Foul Ball, location: 2F
1-1: SINGLE (Groundball, 6MD)
Batting: LHB Tony O'Bryan 0-0: Fly out, F8 (Flyball, 8LXD)
Batting: RHB Ken McDonald 0-0: Ball
1-0: Ball
2-0: Ball
3-0: Base on Balls
Bob Carr to second
Pitching: RHP Will Tyler
Batting: LHB José González 0-0: Ball
1-0: Ball
2-0: Ball
3-0: Base on Balls
Bob Carr to third
Ken McDonald to second
Batting: LHB Raúl Morales 0-0: Called Strike
0-1: Ball
1-1: Foul Ball, location: 2F
1-2: Strikes out swinging
Batting: SHB Dave Henley 0-0: Ball
1-0: Ball
2-0: Ball
3-0: Base on Balls
Bob Carr scores
Ken McDonald to third
José González to second
Batting: SHB Conan Hanson 0-0: Ball
1-0: Ball
2-0: Called Strike
2-1: Ball
3-1: Base on Balls
Ken McDonald scores
José González to third
Dave Henley to second
Batting: RHB Roberto Solís 0-0: Fly out, F8 (Line Drive, 8LM)
Bottom of the 6th over - 2 run(s), 1 hit(s), 0 error(s), 3 left on base; Manhatten 3 - Bemidji 9
TOP OF THE 7TH
Manhatten Meatheads batting - Pitching for Bemidji Benders : LHP Justin Short
Batting: RHB Augusto Baca 0-0: Ground out 1-3 (Groundball, 13)
Batting: SHB Cornell Payne 0-0: Ball
1-0: Swinging Strike
1-1: SOLO HOME RUN (Flyball, 8LXD), Distance : 430 ft
Batting: RHB Adrián López 0-0: Ball
1-0: Foul Ball, location: 2F
1-1: Called Strike
1-2: Foul Ball, location: 2F
1-2: Foul Ball, location: 2F
1-2: Ball
2-2: Ball
3-2: Strikes out looking
Batting: LHB Juan Hernández 0-0: Ball
1-0: Ball
2-0: Foul Ball, location: 2F
2-1: Foul Ball, location: 2F
2-2: Strikes out looking
Top of the 7th over - 1 run(s), 1 hit(s), 0 error(s), 0 left on base; Manhatten 4 - Bemidji 9
BOTTOM OF THE 7TH
Bemidji Benders batting - Pitching for Manhatten Meatheads : RHP Will Tyler
Batting: LHB Jesús Raugel 0-0: Ground out 3-1 (Groundball, 34)
Batting: RHB Bob Carr 0-0: Foul Ball, location: 2F
0-1: Hit by Pitch
Batting: LHB Tony O'Bryan 0-0: Ball
1-0: Ball
2-0: SINGLE (Line Drive, 3D)
Bob Carr to second
Batting: RHB Ken McDonald 0-0: Called Strike
0-1: Foul Ball, location: 2F
0-2: SINGLE (Groundball, 4M)
Bob Carr to third
Tony O'Bryan to second
Batting: LHB José González 0-0: Ball
1-0: Ball
2-0: Foul Ball, location: 2F
2-1: Ball
3-1: Base on Balls
Bob Carr scores
Tony O'Bryan to third
Ken McDonald to second
Batting: LHB Raúl Morales 0-0: Called Strike
0-1: Ball
1-1: Swinging Strike
1-2: Strikes out swinging
Batting: SHB Dave Henley 0-0: Ball
1-0: Ball
2-0: Fly out, F8 (Flyball, 8RM)
Bottom of the 7th over - 1 run(s), 2 hit(s), 0 error(s), 3 left on base; Manhatten 4 - Bemidji 10
TOP OF THE 8TH
Manhatten Meatheads batting - Pitching for Bemidji Benders : LHP Justin Short
Now at 1B: Bruce Foster
Now in RF: Simão Polido
Batting: RHB Juan Reyes 0-0: Ball
1-0: Ball
2-0: Ball
3-0: Called Strike
3-1: Called Strike
3-2: Foul Ball, location: 2F
3-2: Strikes out looking
Batting: RHB Claudio Gonzáles 0-0: Called Strike
0-1: Ball
1-1: Called Strike
1-2: Strikes out looking
Batting: RHB Greg Lee 0-0: Called Strike
0-1: Ball
1-1: Ball
2-1: Foul Ball, location: 2F
2-2: Strikes out swinging
Top of the 8th over - 0 run(s), 0 hit(s), 0 error(s), 0 left on base; Manhatten 4 - Bemidji 10
BOTTOM OF THE 8TH
Bemidji Benders batting - Pitching for Manhatten Meatheads : RHP Will Tyler
Batting: SHB Conan Hanson 0-0: Called Strike
0-1: Swinging Strike
0-2: Ball
1-2: Ball
2-2: Strikes out looking
Pitching: RHP Larry Bischoff
Batting: RHB Roberto Solís 0-0: Foul Ball, location: 2F
0-1: Ball
1-1: Swinging Strike
1-2: Strikes out swinging
Batting: LHB Jesús Raugel 0-0: Swinging Strike
0-1: Ball
1-1: Ball
2-1: Ball
3-1: Ground out 1-3 (Groundball, 13)
Bottom of the 8th over - 0 run(s), 0 hit(s), 0 error(s), 0 left on base; Manhatten 4 - Bemidji 10
TOP OF THE 9TH
Manhatten Meatheads batting - Pitching for Bemidji Benders : LHP Justin Short
Now in LF: Júlio Valdés
Batting: SHB José Sousa 0-0: Ball
1-0: Called Strike
1-1: Ball
2-1: Ball
3-1: Foul Ball, location: 2F
3-2: Foul Ball, location: 2F
3-2: Fly out, F8 (Flyball, 8LD)
Batting: RHB Denver Baker 0-0: Foul Ball, location: 2F
0-1: Foul Ball, location: 2F
0-2: Ball
1-2: Ground out 5-3 (Groundball, 56)
Batting: RHB Augusto Baca 0-0: Called Strike
0-1: Ball
1-1: Swinging Strike
1-2: Ball
2-2: Ground out 1-3 (Groundball, 13)
Top of the 9th over - 0 run(s), 0 hit(s), 0 error(s), 0 left on base; Manhatten 4 - Bemidji 10
This league is powered by Out of the Park Baseball, the baseball management simulation game for PC, Mac and Linux
Tuesday, August 2nd, 2016 - OOTP Baseball 16.8 Build 38